 Dungeon Crawl Stone Soup version 0.18.1-8-gdd0e5ea (webtiles) character file.

91 georgeearnest the Insei (level 4, 0/40 HPs)
             Began as a Draconian Monk on May 27, 2016.
             Slain by a hobgoblin
             ... wielding a +0 club
              (4 damage)
             ... on level 3 of the Dungeon.
             The game lasted 00:06:36 (2759 turns).

georgeearnest the Insei (Draconian Monk)            Turns: 2759, Time: 00:06:36

Health: 0/40       AC:  5    Str: 14    XL:     4   Next: 34%
Magic:  4/4        EV:  8    Int: 10    God:
Gold:   170        SH:  0    Dex: 14    Spells: 0 memorised, 3 levels left

rFire  . . .     SeeInvis .       - Unarmed
rCold  . . .     Gourm    .     (armour unavailable)
rNeg   + . .     Faith    .     (no shield)
rPois  .         Spirit   .     (helmet restricted)
rElec  .         Dismiss  .     (no cloak)
rCorr  .         Reflect  .     (no gloves)
SustAt .         Harm     .     (no boots)
MR     +....                    (no amulet)
Stlth  ++........               p - ring of protection from magic
                                i - ring of positive energy

@: somewhat resistant to hostile enchantments, unstealthy
A: unfitting armour, talons 1, blink, mutation resistance 1, screaming 1,
cold-blooded, AC +5
a: Blink


You were on level 3 of the Dungeon.
You were not hungry.

You visited 1 branch of the dungeon, and saw 3 of its levels.

You collected 170 gold pieces.

Inventory:

Armour
 c - a +0 cloak
Jewellery
 i - a ring of positive energy (left hand)
 p - a ring of protection from magic (right hand)
Scrolls
 a - a scroll of remove curse {unknown}
 d - 2 scrolls of identify
 j - 2 scrolls of random uselessness
Potions
 f - a potion of lignification
 h - a potion of cancellation
 k - a potion of mutation
Comestibles
 g - a meat ration


   Skills:
 + Level 3.9 Fighting
 + Level 3.5 Dodging
 + Level 2.3 Stealth
 + Level 4.6 Unarmed Combat


You had 3 spell levels left.
You didn't know any spells.

Dungeon Overview and Level Annotations

Branches:
Dungeon (3/15)

Altars:
Ashenzari
Dithmenos
Gozag
Ru
Sif Muna
Vehumet
Xom
Zin


Innate Abilities, Weirdness & Mutations

Your plain brown scales are hard (AC +5).
Your body does not fit into most forms of armour.
You are cold-blooded and may be slowed by cold attacks.
You have sharp toenails.
You can translocate small distances at will.
You are somewhat resistant to further mutation.
You occasionally shout uncontrollably at your foes.


Message History

The bat hits you.
* * * LOW HITPOINT WARNING * * *
The bat barely misses you. The bat misses you. The bat closely misses you.
The bat closely misses you. The bat hits you but does no damage.
The bat misses you. The bat barely misses you. The bat barely misses you.
The bat hits you but does no damage. The bat barely misses you.
The bat misses you.
A hobgoblin comes into view. It is wielding a club.
The bat misses you. The bat barely misses you.
The bat hits you but does no damage. The bat closely misses you.
The bat closely misses you. The bat closely misses you.
There is a stone staircase leading down here.
There is a stone staircase leading up here.
The hobgoblin hits you with a club.
You die...

#......#.
#.###.... #.#
#.. #.# # #.#
#.# #b# #g#
#@# #.#
#####.#######
#..
#...........#
###
#.###.#####.#
##### #.#
#...# #.#
..... #.#
###.# #.#
##### #.# #.#
#.# #.# #.#
#.### #.# #.#
#.#.##


You could see a hobgoblin and a bat.

Vanquished Creatures
  3 adders
  A worm (D:3)
  A dart slug (D:1)
  3 giant geckos
  4 orcs (D:3)
  7 bats
  6 goblins
  6 hobgoblins
  12 kobolds
  A ball python (D:2)
  2 giant newts
  8 rats
54 creatures vanquished.

Vanquished Creatures (others)
  A hobgoblin (D:3)
1 creature vanquished.

Grand Total: 55 creatures vanquished

Notes
Turn   | Place    | Note
--------------------------------------------------------------
     0 | D:1      | georgeearnest the Draconian Monk began the quest for the Orb.
     0 | D:1      | Reached XP level 1. HP: 19/19 MP: 1/1
    82 | D:1      | Reached XP level 2. HP: 18/26 MP: 2/2
   270 | D:1      | Found a shattered altar of Ashenzari.
   794 | D:2      | Reached XP level 3. HP: 26/31 MP: 3/3
  1241 | D:2      | Found an opulent altar of Gozag.
  1241 | D:2      | Found a glowing silver altar of Zin.
  1807 | D:3      | Reached XP level 4. HP: 25/40 MP: 4/4
  1939 | D:3      | Noticed a centaur
  1952 | D:3      | Gained mutation: You have sharp toenails. [potion of mutation]
  1952 | D:3      | Gained mutation: You can translocate small distances at will. [potion of mutation]
  1952 | D:3      | Gained mutation: You occasionally shout uncontrollably at your foes. [potion of mutation]
  1953 | D:3      | Gained mutation: You are somewhat resistant to further mutation. [potion of beneficial mutation]
  2596 | D:3      | Found a shadowy altar of Dithmenos.
  2597 | D:3      | Found a shimmering altar of Xom.
  2598 | D:3      | Found a radiant altar of Vehumet.
  2647 | D:3      | HP: 2/40 [orc/trident (8)]
  2655 | D:3      | HP: 2/40 [bat (1)]
  2661 | D:3      | HP: 2/40 [bat (1)]
  2705 | D:3      | HP: 2/40 [bat (1)]
  2707 | D:3      | Found a sacrificial altar of Ru.
  2708 | D:3      | Found a deep blue altar of Sif Muna.
  2714 | D:3      | HP: 2/40 [bat (1)]
  2720 | D:3      | HP: 2/40 [bat (1)]
  2726 | D:3      | HP: 2/40 [bat (1)]
  2733 | D:3      | HP: 2/40 [bat (1)]
  2739 | D:3      | HP: 2/40 [bat (1)]
  2759 | D:3      | Slain by a hobgoblin

Skill      XL: |  1  2  3 |
---------------+----------+-----
Dodging        | 3 |  3.5
Stealth        | 2 |  2.3
Fighting       | |  3.9
Unarmed Combat | |  4.6

Action                   |  1- 3 |  4- 6 || total
-------------------------+-------+-------++-------
Melee: Unarmed           |   126 |    50 ||   176
       Tailslap          |     9 |     7 ||    16
       Punch             |     1 |     2 ||     3
       Kick              |       |     9 ||     9
  Use: Potion            |       |     7 ||     7
       Scroll            |       |     4 ||     4
 Stab: Sleeping          |     6 |       ||     6
  Eat: Bread ration      |     1 |     1 ||     2
Armor: Skin              |    44 |    78 ||   122
Dodge: Dodged            |   114 |   185 ||   299
